[Event "Team 45 45 League T70"]
[Site "Internet Chess Club"]
[Date "2016.09.17"]
[Round "2"]
[White "Capt-Morgan"]
[Black "PoisonPawn"]
[Result "1/2-1/2"]
[WhiteElo "1916"]
[BlackElo "2075"]
[Opening "Nimzo-Indian: classical variation"]
[ECO "E32"]
[Time "18:39:43"]
[TimeControl "2700+45"]

1. d4 Nf6 2. c4 e6 3. Nc3 Bb4 4. Qc2 O-O 5. a3 Bxc3+ 6. Qxc3 d5 7. Bg5 h6 8.
Bxf6 Qxf6 9. cxd5 exd5 10. e3 c6 11. Nf3 Bf5 12. Ne5 Nd7 13. Nxd7 Bxd7 14. Bd3
Bf5 15. Bxf5 Qxf5 16. O-O Rfe8 {Game drawn by mutual agreement} 1/2-1/2

[Event "Team 45 45 League T70"]
[Site "Internet Chess Club"]
[Date "2016.09.23"]
[Round "2"]
[White "Portola"]
[Black "IshanR"]
[Result "1/2-1/2"]
[WhiteElo "1755"]
[BlackElo "1864"]
[Opening "Colle system"]
[ECO "A45"]
[Time "07:15:18"]
[TimeControl "2700+45"]

1. d4 Nf6 2. c3 c5 3. e3 d5 4. Nf3 e6 5. Bd3 Nc6 6. Nbd2 b6 7. O-O Bb7 8. Qe2
Be7 9. a3 O-O 10. b4 Rc8 11. Bb2 Qc7 12. e4 dxe4 13. Nxe4 cxd4 14. cxd4 Qf4 15.
Ng3 Rfd8 16. Bc1 Qb8 17. Be3 Bd6 18. Rfc1 Ne7 19. Rc4 Rxc4 20. Bxc4 Ned5 21. Bd2
Bf4 22. Bxf4 Qxf4 23. Qe5 Rc8 24. Bxd5 Nxd5 25. Nh5 Qxe5 26. dxe5 Rc3 27. Nd4
Ba6 28. b5 Bb7 29. Ng3 Nf4 30. f3 Kf8 31. Kf2 Rc5 32. Rd1 Rxe5 33. Nc6 Rd5 34.
Rxd5 Nxd5 35. Nxa7 Ke7 36. Ne4 f6 37. Nd2 Kd6 38. Nb3 e5 39. a4 Kc7 40. a5 bxa5
41. Nxa5 Kb6 42. Nxb7 Kxb7 43. Nc6 Kb6 44. Nd8 Kxb5 45. Ne6 g5 46. g4 Kc4 47.
Nf8 h6 48. Nd7 Kd4 49. Ke2 e4 50. fxe4 Kxe4 51. Kf2 Kf4 52. h3 Ke4 53. Nc5+ Kd4
54. Nd7 Kd3 55. Nc5+ Kc4 56. Nd7 Kd4 57. Kf3 {Game drawn by mutual agreement}
1/2-1/2

[Event "Team 45 45 League T70"]
[Site "Internet Chess Club"]
[Date "2016.09.18"]
[Round "2"]
[White "Constrictor"]
[Black "pokerram"]
[Result "0-1"]
[WhiteElo "1538"]
[BlackElo "1571"]
[Opening "Réti opening"]
[ECO "A04"]
[Time "16:01:39"]
[TimeControl "2700+45"]

1. Nf3 c5 2. b3 d5 3. e3 Nc6 4. Bb2 Bg4 5. h3 Bxf3 6. Qxf3 e5 7. Bb5 Nf6 8. Bxe5
Be7 9. d4 Qa5+ 10. Nd2 Qxb5 11. Bxf6 Bxf6 12. Qxd5 O-O 13. Qxc5 Qxc5 {White
resigns} 0-1

[Event "Team 45 45 League T70"]
[Site "Internet Chess Club"]
[Date "2016.09.17"]
[Round "2"]
[White "Tobiasdelmonte"]
[Black "passedpawn"]
[Result "0-1"]
[WhiteElo "1668"]
[BlackElo "1907"]
[Opening "Catalan: closed, 5.Nf3"]
[ECO "E06"]
[Time "20:00:27"]
[TimeControl "2700+45"]

1. d4 Nf6 2. Nf3 d5 3. c4 e6 4. g3 Be7 5. Bg2 O-O 6. O-O dxc4 7. Ne5 Nc6 8. Nxc6
bxc6 9. Bxc6 Rb8 10. e3 Nd5 11. Qc2 Nb4 12. Qe4 Qd6 13. Ba4 Bb7 14. Qe5 Qa6 15.
Nc3 Bd6 16. Qh5 Nd5 17. Bb5 Qb6 18. Ba4 Nxc3 19. bxc3 Bd5 20. Bc2 g6 21. Qh4 f5
22. e4 fxe4 23. Bxe4 Qa5 24. Bh6 Rf7 25. Rab1 Re8 26. Rfe1 Bxe4 27. Qxe4 Qxc3
28. Rbc1 Qb2 29. Rc2 Qb5 30. Qe2 Bf8 31. Be3 Rd7 32. Qxc4 Qxc4 33. Rxc4 Rb8 34.
Ra4 Rb7 35. Rc1 Bd6 36. Rc6 Rd8 37. Rca6 Ra8 38. h4 Kf7 39. Kg2 Rb4 40. Rxb4
Bxb4 41. Bf4 Bc3 42. Be3 Ke7 43. Kf3 Kd7 44. Ke4 Bb4 45. Ke5 Be7 46. Rxe6 Bd6+
47. Rxd6+ cxd6+ 48. Kf6 Re8 49. Kg7 Re7+ 50. Kf6 Ke8 51. Bf4 d5 52. Be5 Rf7+ 53.
Ke6 Rxf2 54. a3 Rf3 55. Bd6 Re3+ 56. Kxd5 Kd7 57. a4 a5 58. Be5 Ra3 59. Kc5 Rxa4
60. Kb5 Ra2 61. Kc4 a4 62. Kc3 Ke6 63. Kc4 a3 64. Kb3 Re2 65. Kxa3 Rxe5 66. dxe5
Kxe5 67. Kb4 Kf5 68. Kc4 {White resigns} 0-1

[Event "Team 45 45 League T70"]
[Site "Internet Chess Club"]
[Date "2016.09.17"]
[Round "2"]
[White "spongenotbob"]
[Black "JPSVI"]
[Result "0-1"]
[WhiteElo "1840"]
[BlackElo "1747"]
[Opening "Dutch with c4 & Nc3"]
[ECO "A85"]
[Time "23:02:10"]
[TimeControl "2700+45"]

1. d4 f5 2. c4 Nf6 3. Nc3 g6 4. b3 Bg7 5. Bb2 O-O 6. e3 d6 7. Nf3 Nc6 8. Be2 e5
9. O-O e4 10. Nd2 a5 11. f3 Bd7 12. fxe4 Bh6 13. Rf3 Qe8 14. Qf1 Qe7 15. Bd3 Nb4
16. Bb1 fxe4 17. Ncxe4 Ng4 18. d5 c6 19. h3 Rxf3 20. gxf3 Nxe3 21. Qe2 Bg7 22.
Bc3 Nf5 23. a3 Bxc3 24. Nxc3 Qg5+ 25. Kh2 Qf4+ 26. Kg2 Re8 27. Nce4 Qe5 28. Ra2
Nxa2 29. Bxa2 cxd5 30. cxd5 Rc8 31. Nc4 Bb5 32. Bb1 Bxc4 33. bxc4 Rxc4 34. f4
Qxf4 35. Nf6+ Kf7 36. Bxf5 Kxf6 37. Qe6+ Kg5 38. h4+ Qxh4 39. Qe7+ Kh5 40. Qxh7+
Kg5 41. Qxg6+ Kf4 42. Bd3 Ra4 43. Qf5+ Ke3 44. Qf3+ Kd4 45. Bc2 Rc4 46. Bf5 Ke5
47. Be6 Rc2+ 48. Kf1 Rc1+ 49. Ke2 Qh2+ 50. Kd3 Qc2+ {White resigns} 0-1

[Event "Team 45 45 League T70"]
[Site "Internet Chess Club"]
[Date "2016.09.18"]
[Round "2"]
[White "evan7284"]
[Black "qingjoshua"]
[Result "1/2-1/2"]
[WhiteElo "1787"]
[BlackElo "1746"]
[Opening "King's Indian: Torre attack"]
[ECO "A48"]
[Time "16:00:20"]
[TimeControl "2700+45"]

1. d4 Nf6 2. Nf3 g6 3. Bg5 Bg7 4. Nbd2 O-O 5. e4 d5 6. e5 Ne4 7. Bh4 Bg4 8. Be2
Nc6 9. c3 Nxd2 10. Qxd2 Qd7 11. h3 Bf5 12. Bd3 Bxd3 13. Qxd3 f6 14. exf6 exf6
15. O-O Rfe8 16. Rfe1 Ne7 17. Bg3 Nf5 18. Bf4 c6 19. Qd2 Nd6 20. Rxe8+ Rxe8 21.
Re1 Rxe1+ 22. Qxe1 Ne4 23. Nd2 Nxd2 24. Qxd2 Kf7 25. Bh6 Qe6 26. Qf4 Bxh6 27.
Qxh6 Qe1+ 28. Kh2 Qxf2 29. Qxh7+ Ke6 30. Qg8+ Kf5 31. Qc8+ Kg5 32. Qxb7 Qf4+ 33.
Kg1 Qc1+ 34. Kh2 Qf4+ 35. Kg1 Qc1+ {Game drawn by mutual agreement} 1/2-1/2

[Event "Team 45 45 League T70"]
[Site "Internet Chess Club"]
[Date "2016.09.17"]
[Round "2"]
[White "arnav07"]
[Black "fireball"]
[Result "0-1"]
[WhiteElo "1530"]
[BlackElo "1728"]
[Opening "French: Tarrasch"]
[ECO "C03"]
[Time "13:00:54"]
[TimeControl "2700+45"]

1. e4 e6 2. d4 d5 3. Nd2 Bd7 4. c3 c5 5. exd5 exd5 6. Ngf3 Nf6 7. Bd3 Bd6 8. O-O
O-O 9. Re1 c4 10. Bc2 Nc6 11. Nf1 Qc7 12. Bg5 Ne8 13. h3 f5 14. Bd2 Nf6 15. Ne3
f4 16. Nf5 Rae8 17. Nxd6 Qxd6 18. Ne5 Nxe5 19. Bxf4 Qb6 20. Bxe5 Qxb2 21. Bxf6
Rxe1+ 22. Qxe1 Qxc2 23. Be5 Qg6 24. Bg3 Re8 25. Qb1 Qxb1+ 26. Rxb1 b6 27. Kf1
Bf5 28. Re1 Bd3+ 29. Kg1 Rxe1+ 30. Kh2 {White resigns} 0-1

[Event "Team 45 45 League T70"]
[Site "Internet Chess Club"]
[Date "2016.09.17"]
[Round "2"]
[White "Jack-ONeill"]
[Black "SlimeDog2"]
[Result "1/2-1/2"]
[WhiteElo "2059"]
[BlackElo "2055"]
[Opening "Neo-Grünfeld, 6.O-O c6"]
[ECO "D78"]
[Time "00:17:31"]
[TimeControl "2700+45"]

1. d4 Nf6 2. c4 g6 3. Nf3 Bg7 4. g3 c6 5. Bg2 d5 6. O-O O-O 7. Nbd2 Ne4 8. b3
Nc3 9. Qe1 c5 10. e3 cxd4 11. exd4 dxc4 12. Nxc4 Nc6 13. Bb2 Nd5 14. Qd2 b5 15.
Nce5 Bb7 16. Rac1 Rc8 17. Nxc6 Rxc6 18. Ne5 Rc7 19. Rxc7 Qxc7 20. Rc1 Qd6 21.
Qa5 a6 22. h4 Rc8 23. Rxc8+ Bxc8 24. Ba3 Qc7 25. Qxc7 Nxc7 26. Nc6 Bf8 27. Nxe7+
Kg7 28. Bc5 Be6 29. Nc6 Nd5 30. Bxf8+ Kxf8 31. Bxd5 Bxd5 32. Nb4 Bb7 33. Kf1 Ke7
34. Ke2 a5 35. Nd3 Kd6 36. Ke3 f6 37. Nc5 Bd5 38. Kf4 b4 39. g4 Bc6 40. Ke3 h6
41. Ne4+ Ke6 42. f4 f5 43. Nc5+ Kd5 44. gxf5 gxf5 45. Nd3 Ke6 46. Ne5 Be4 47.
Nc4 Bb1 48. Nxa5 Bxa2 49. Nc6 Bxb3 50. Nxb4 Kd6 51. Kd3 Bf7 52. Kc3 Bg8 53. Nc2
Kd5 54. Kd3 Be6 55. Ne3+ Kc6 56. d5+ Bxd5 57. Nxf5 Kd7 58. Nxh6 Ke6 59. Ke3 Kf6
60. Ng4+ Kg6 61. Kf2 Be6 62. Kg3 Bc8 63. Ne5+ Kh5 64. Nc4 Kg6 65. Nd6 Bd7 66.
Ne4 Bc8 67. Nc3 Bb7 68. Ne2 Bc8 69. Nd4 Bd7 70. Nf3 Kh5 71. Ne5 Bc8 72. Nf7 Kg6
73. Nd6 Bd7 74. Ne4 Bc8 75. Ng5 Bd7 76. Nh3 Kh5 77. Nf2 Kg6 78. Ng4 Bc8 79. Nf6
Kxf6 {Game drawn by mutual agreement} 1/2-1/2

[Event "Team 45 45 League T70"]
[Site "Internet Chess Club"]
[Date "2016.09.18"]
[Round "2"]
[White "ArturitoGalacti"]
[Black "Ptzz"]
[Result "0-1"]
[WhiteElo "1865"]
[BlackElo "2006"]
[Opening "English: symmetrical, Botvinnik system"]
[ECO "B20"]
[Time "15:22:08"]
[TimeControl "2700+45"]

1. e4 c5 2. c4 g6 3. Nc3 Bg7 4. g3 Nc6 5. Bg2 d6 6. Nge2 e5 7. O-O Nge7 8. d3 a6
9. Be3 Nd4 10. Qd2 Bg4 11. f3 Be6 12. Bh6 O-O 13. Bxg7 Kxg7 14. Nxd4 cxd4 15.
Ne2 Qd7 16. f4 Bg4 17. fxe5 dxe5 18. b4 b5 19. c5 Nc6 20. Rab1 a5 21. a3 axb4
22. axb4 Ra4 23. Bf3 Bh3 24. Bg2 Be6 25. Rb2 Rfa8 26. Qg5 Qe7 27. Qd2 Ra2 28.
Rfb1 R8a4 29. Nc1 Rxb2 30. Rxb2 h6 31. h3 Qg5 32. Qxg5 hxg5 33. Kf2 Rxb4 34. Rc2
Rb1 35. Na2 b4 {White resigns} 0-1

[Event "Team 45 45 League T70"]
[Site "Internet Chess Club"]
[Date "2016.09.15"]
[Round "2"]
[White "Tobiasdelmonte"]
[Black "ChessHouston"]
[Result "0-1"]
[WhiteElo "1675"]
[BlackElo "1795"]
[Opening "Bogo-Indian defense"]
[ECO "E11"]
[Time "21:09:32"]
[TimeControl "2700+45"]

1. d4 Nf6 2. c4 e6 3. Nf3 Bb4+ 4. Bd2 Be7 5. Nc3 c5 6. g3 O-O 7. Bg2 cxd4 8.
Nxd4 Nc6 9. Nb3 Ne5 10. c5 Nc4 11. Bc1 d5 12. cxd6 Bxd6 13. O-O a6 14. a4 Qc7
15. Bg5 Be5 16. Qc2 Nxb2 17. Rac1 Qxc3 18. Qxc3 Bxc3 19. Rxc3 Nxa4 20. Rd3 e5
21. Ra1 Nb6 22. Nc5 Ra7 23. Rb3 Nbd5 24. Rd1 e4 25. Nxe4 Be6 26. Bxf6 Nxf6 27.
Rxb7 Rxb7 28. Nxf6+ gxf6 29. Bxb7 a5 30. Ra1 Rb8 31. Ba6 Ra8 32. Bb7 Ra7 33. Bc6
Kf8 34. Kf1 Ke7 35. Ke1 Kd6 36. Ba4 Kc5 37. Rb1 Bd7 38. Bc2 h6 39. Kd2 a4 40.
Kc3 Be6 41. Ra1 Kb5 42. Bd3+ Ka5 43. Bc2 Rc7+ 44. Kb2 Bd7 45. Ra3 Kb4 46. Rf3
a3+ 47. Kb1 a2+ 48. Kb2 Rxc2+ {White resigns} 0-1

[Event "Team 45 45 League T70"]
[Site "Internet Chess Club"]
[Date "2016.09.15"]
[Round "2"]
[White "JJ12"]
[Black "NashGames"]
[Result "1-0"]
[WhiteElo "2188"]
[BlackElo "2108"]
[Opening "Ruy Lopez: Caro variation"]
[ECO "C70"]
[Time "19:33:45"]
[TimeControl "2700+45"]

1. e4 e5 2. Nf3 Nc6 3. Bb5 a6 4. Ba4 b5 5. Bb3 Nf6 6. d3 Bb4+ 7. c3 Be7 8. O-O
O-O 9. a4 Bb7 10. Re1 d6 11. Nbd2 Na5 12. Bc2 c5 13. Nf1 Qc7 14. Ng3 Nc6 15. Nf5
b4 16. Bg5 h6 17. Nxe7+ Qxe7 18. Bd2 a5 19. Nh4 Ng4 {Black resigns} 1-0

[Event "Team 45 45 League T70"]
[Site "Internet Chess Club"]
[Date "2016.09.18"]
[Round "2"]
[White "Agarnez"]
[Black "Monterrey"]
[Result "0-1"]
[WhiteElo "1941"]
[BlackElo "2018"]
[Opening "King's Indian: Smyslov system"]
[ECO "E61"]
[Time "18:01:05"]
[TimeControl "2700+45"]

1. d4 Nf6 2. c4 g6 3. Nc3 Bg7 4. Nf3 d6 5. Bg5 O-O 6. e3 c5 7. Be2 h6 8. Bh4 g5
9. Bg3 Nh5 10. O-O Nxg3 11. hxg3 Nd7 12. Ne1 Nf6 13. Nc2 a6 14. Rb1 Bf5 15. Bd3
Bg4 16. f3 Bd7 17. b4 b6 18. g4 Re8 19. Ne2 e6 20. Qe1 Bc6 21. Qg3 Ra7 22. Nc3
Ba8 23. Rfd1 Qe7 24. bxc5 bxc5 25. Rb6 d5 26. Rdb1 dxc4 27. Bxc4 cxd4 28. Nxd4
Rc7 29. R6b4 Nd5 30. Nxd5 exd5 31. Nf5 Qe5 32. Qxe5 Bxe5 33. Bxa6 Ra7 34. Bb5
Re6 35. a4 Kh7 36. Kf2 Bc3 37. R4b3 Be5 38. Rh1 Rb6 39. Rc1 Kg6 40. Rbb1 h5 41.
g3 hxg4 42. fxg4 Bg7 43. Rc8 d4 44. Rg8 Be4 45. Rxg7+ Kf6 {White forfeits on
time} 0-1

[Event "Team 45 45 League T70"]
[Site "Internet Chess Club"]
[Date "2016.09.17"]
[Round "2"]
[White "laurenpar"]
[Black "drbishop"]
[Result "1-0"]
[WhiteElo "1837"]
[BlackElo "1776"]
[Opening "English opening"]
[ECO "A16"]
[Time "08:10:25"]
[TimeControl "2700+45"]

1. c4 Nf6 2. Nc3 g6 3. g3 Bg7 4. Bg2 O-O 5. d3 d6 6. Nf3 e5 7. Rb1 Nbd7 8. O-O
a5 9. a3 Nc5 10. b4 axb4 11. axb4 Ne6 12. Ng5 c6 13. b5 Bd7 14. Nxe6 fxe6 15.
Qb3 Qc7 16. Ba3 Rfb8 17. b6 Qd8 18. Bxd6 Rc8 19. Bxe5 Ra6 20. c5 Rca8 21. e3 Bc8
22. d4 Nd5 23. Nxd5 exd5 24. Bd6 Bf5 25. Rb2 Ra3 26. Qd1 Qf6 27. Be5 Qe6 28.
Bxg7 Kxg7 29. Bf3 Bh3 30. Re1 h5 31. Bg2 Bf5 32. h4 Bg4 33. Qd2 Bf5 34. Bf3 Rd3
35. Qe2 Raa3 36. Rd1 Rdc3 37. Ra2 Rab3 38. Ra7 Qf7 39. Rda1 Bd3 40. Qd2 Qxf3 41.
Rxb7+ Kf6 42. e4 Qg4 43. Qh6 {Black resigns} 1-0

[Event "Team 45 45 League T70"]
[Site "Internet Chess Club"]
[Date "2016.09.16"]
[Round "2"]
[White "CaptK"]
[Black "Capt-Morgan"]
[Result "0-1"]
[WhiteElo "1810"]
[BlackElo "1909"]
[Opening "King's Indian: London system"]
[ECO "A48"]
[Time "15:01:02"]
[TimeControl "2700+45"]

1. d4 Nf6 2. Nf3 g6 3. Bf4 Bg7 4. e3 d6 5. Be2 b6 6. O-O O-O 7. c4 Bb7 8. Nc3
Nbd7 9. h3 a6 10. Qc2 c5 11. d5 Ne8 12. a4 Nc7 13. Rad1 Qe8 14. e4 Ne5 15. Bh2
Nxf3+ 16. gxf3 Bc8 17. h4 Qd7 18. Rfe1 Qh3 19. Bg3 Bd4 20. Rxd4 cxd4 21. Na2 Qd7
22. Nb4 e5 23. f4 f6 24. b3 Qe8 25. Kg2 Bd7 26. f3 Rf7 27. Nd3 Qc8 28. Rc1 Ne8
29. Qd2 Ng7 30. a5 Rb8 31. fxe5 fxe5 32. axb6 Nh5 33. c5 Nxg3 34. Kxg3 Bb5 35.
b4 Qd8 36. Qg5 Qf8 37. Qd2 Qe7 38. c6 Bxd3 39. c7 Rbf8 40. Qxd3 Rf4 41. Rh1 g5
42. h5 Qf7 43. c8=Q Rxc8 44. Qxa6 Rxf3+ 45. Bxf3 Qf4+ 46. Kg2 Rc2+ 47. Be2 Qxe4+
48. Kf2 Qe3+ 49. Kf1 Qg3 50. Qa8+ Kf7 51. Qb7+ Kf6 52. Qc7 Qf4+ 53. Ke1 Qd2+
{White resigns} 0-1

[Event "Team 45 45 League T70"]
[Site "Internet Chess Club"]
[Date "2016.09.20"]
[Round "2"]
[White "evan7284"]
[Black "Goli"]
[Result "0-1"]
[WhiteElo "1769"]
[BlackElo "1757"]
[Opening "King's Indian: Torre attack"]
[ECO "A48"]
[Time "15:30:11"]
[TimeControl "2700+45"]

1. d4 Nf6 2. Nf3 g6 3. Bg5 Bg7 4. Nbd2 O-O 5. e4 d6 6. Bd3 c5 7. c3 cxd4 8. cxd4
Bg4 9. h3 Bxf3 10. Qxf3 Nc6 11. Be3 Qa5 12. Qe2 Ne8 13. d5 Ne5 14. O-O Nxd3 15.
Qxd3 Nf6 16. a3 Nd7 17. b4 Qa4 18. Rac1 Ne5 19. Qb3 Qxb3 20. Nxb3 Rfc8 21. Na5
b6 22. Nc6 Nxc6 23. Rxc6 Bb2 24. a4 Rxc6 25. dxc6 Rc8 26. b5 Ba3 27. Ra1 Bc5 28.
Bxc5 dxc5 29. Rd1 Kf8 30. Rd7 Ra8 31. Rb7 Ke8 32. c7 Rc8 33. Rxa7 Kd7 34. Rb7
Rxc7 35. Rxb6 c4 36. Kf1 c3 37. Rc6 c2 38. Rxc2 Rxc2 {White resigns} 0-1

[Event "Team 45 45 League T70"]
[Site "Internet Chess Club"]
[Date "2016.09.17"]
[Round "2"]
[White "julesraider"]
[Black "GrandUnified"]
[Result "0-1"]
[WhiteElo "1597"]
[BlackElo "1445"]
[Opening "Catalan: closed"]
[ECO "E02"]
[Time "09:02:49"]
[TimeControl "2700+45"]

1. d4 d5 2. c4 e6 3. g3 Nf6 4. Bg2 dxc4 5. Nc3 c6 6. Nf3 Be7 7. O-O O-O 8. a4 a5
9. Ne5 Na6 10. Nxc4 Bb4 11. e4 Bd7 12. Bg5 h6 13. Bxf6 Qxf6 14. e5 Qe7 15. Ne4
Rab8 16. Qg4 Kh8 17. Qh5 c5 18. Nf6 b5 19. Nd6 cxd4 20. Nxd7 Qxd7 21. Nxb5 d3
22. g4 Bd2 23. Rad1 Bf4 24. Be4 Nc5 25. Rfe1 d2 26. Re2 Nxa4 27. Rexd2 Qxb5 28.
Rd7 Qxe5 29. Qxe5 Bxe5 30. Ra7 Bxb2 31. Rxa5 Nc3 32. Re1 Nxe4 33. Rxe4 Rbd8 34.
g5 Rd5 35. Ra2 Rxg5+ 36. Kf1 Bf6 37. Ra7 Rd5 38. Rb4 g5 39. Rb3 Kg7 40. Rf3 Kg6
41. Ra6 Rfd8 42. Kg2 Rd2 43. h3 R2d3 44. Ra2 Rxf3 45. Kxf3 Rd3+ 46. Kg2 h5 47.
Ra4 Bd8 48. Ra8 g4 49. hxg4 hxg4 50. Ra4 f5 51. Ra6 Kf6 52. Rc6 f4 53. Rc4 Kf5
54. Rc5+ e5 55. Rc4 Rd2 56. Rc3 g3 57. Kf1 Rxf2+ 58. Kg1 Rd2 59. Rb3 e4 60. Rb7
Kg4 61. Rg7+ Kf3 {White resigns} 0-1

[Event "Team 45 45 League T70"]
[Site "Internet Chess Club"]
[Date "2016.09.16"]
[Round "2"]
[White "anishio"]
[Black "AVEMARIA"]
[Result "0-1"]
[WhiteElo "1628"]
[BlackElo "1647"]
[Opening "Caro-Kann: advance variation"]
[ECO "B12"]
[Time "17:01:07"]
[TimeControl "2700+45"]

1. e4 c6 2. d4 d5 3. e5 Bf5 4. Nf3 e6 5. Be2 c5 6. c3 Nc6 7. Be3 cxd4 8. cxd4
Nge7 9. O-O Bg6 10. Nh4 Nf5 11. Nxf5 Bxf5 12. Nd2 Be7 13. Nf3 O-O 14. a3 Rc8 15.
Rc1 Bg4 16. Qd2 Qb6 17. h3 Bxf3 18. Bxf3 Na5 19. Qe2 Nb3 20. Rcd1 Rc4 21. Qd3
Rfc8 22. Rfe1 a5 23. Rb1 a4 24. Bd1 Na5 25. Qd2 Bxa3 26. Be2 Bb4 27. Qd1 Bxe1
28. Bxc4 Bxf2+ 29. Bxf2 Rxc4 30. Qd2 Nb3 31. Qe3 Qc7 32. Rd1 Rc1 33. Rxc1 Qxc1+
34. Qxc1 Nxc1 35. Be1 {White resigns} 0-1

[Event "Team 45 45 League T70"]
[Site "Internet Chess Club"]
[Date "2016.09.16"]
[Round "2"]
[White "tightfist"]
[Black "zorori"]
[Result "1-0"]
[WhiteElo "1580"]
[BlackElo "1626"]
[Opening "Four knights: Ranken variation"]
[ECO "C48"]
[Time "22:04:29"]
[TimeControl "2700+45"]

1. Nc3 Nf6 2. e4 e5 3. Nf3 Nc6 4. Bb5 a6 5. Bxc6 dxc6 6. Nxe5 Qe7 7. d4 Bd7 8.
O-O Qe6 9. Nxd7 Qxd7 10. Bg5 Be7 11. Re1 O-O 12. Qd3 h6 13. Bh4 Rad8 14. Rad1
Qe6 15. d5 Qg4 16. Qg3 Qxg3 17. Bxg3 cxd5 18. exd5 Rd7 19. Bxc7 Rxc7 20. d6 Bxd6
21. Rxd6 Rfc8 22. h3 Rc4 23. a3 Ne8 24. Rd7 R4c7 25. Rxe8+ Rxe8 26. Rxc7 Re1+
27. Kh2 Rc1 28. Na4 b5 29. Nb6 Rb1 30. b4 Ra1 31. Rc3 Ra2 32. Kg3 Kh7 33. Nd7
Kg6 34. Kg4 Ra1 35. Nb8 Rf1 36. Kf3 Rd1 37. Nxa6 Rd6 38. Nc7 Rf6+ 39. Kg3 Rb6
40. Rc5 f6 41. Rxb5 Rc6 42. Rc5 Rd6 43. b5 Kf7 44. a4 Ke7 45. a5 Rd4 46. a6 Ra4
47. b6 Ra3+ 48. f3 Ra4 49. b7 Rb4 50. Nb5 Ra4 51. a7 Kd7 52. b8=Q Rb4 53. Qd6+
Ke8 54. Qe6+ Kd8 55. Rc8# {Black checkmated} 1-0

[Event "Team 45 45 League T70"]
[Site "Internet Chess Club"]
[Date "2016.09.18"]
[Round "2"]
[White "Elalfer"]
[Black "fishhead"]
[Result "0-1"]
[WhiteElo "1644"]
[BlackElo "1739"]
[Opening "Queen's Indian: Nimzovich variation (exaggerated fianchetto)"]
[ECO "E15"]
[Time "14:06:32"]
[TimeControl "2700+45"]

1. d4 Nf6 2. c4 e6 3. Nf3 b6 4. g3 Ba6 5. b3 d5 6. Qc2 Bd6 7. Bg2 O-O 8. O-O
Nbd7 9. Bg5 h6 10. Bxf6 Nxf6 11. Nbd2 Rc8 12. Rfc1 c5 13. dxc5 Bxc5 14. e3 Ba3
15. Rd1 Qc7 16. Rab1 dxc4 17. bxc4 Be7 18. Qa4 Bxc4 19. Rdc1 b5 20. Qd1 Qa5 21.
a4 a6 22. axb5 Bxb5 23. Nb3 Rxc1 24. Qxc1 Qa3 25. Nfd4 Bd3 26. Qxa3 Bxa3 27. Ra1
Bb2 28. Ra2 Bxd4 29. Nxd4 Rb8 30. Bc6 Nd5 31. Bxd5 exd5 32. Nc6 Rb1+ 33. Kg2 Kf8
34. h4 Ke8 35. Kf3 Rb6 36. Nd4 Kd7 37. Ra3 Bc4 38. Kf4 Rf6+ 39. Ke5 Rxf2 40. Nf5
f6+ 41. Kd4 Rxf5 42. e4 dxe4 43. Kxc4 Re5 44. Rxa6 e3 45. Ra1 Ke6 46. Kd3 Kf5
47. Ke2 Kg4 48. Rg1 f5 49. Rg2 g5 50. hxg5 hxg5 51. Rg1 Ra5 52. Kxe3 Ra3+ 53.
Kf2 Rf3+ 54. Ke2 Rxg3 55. Rf1 f4 56. Rf2 Re3+ 57. Kf1 f3 58. Rd2 Kg3 59. Rf2 Ra3
60. Kg1 Ra1+ 61. Rf1 Rxf1+ 62. Kxf1 f2 63. Ke2 Kg2 {White resigns} 0-1

[Event "Team 45 45 League T70"]
[Site "Internet Chess Club"]
[Date "2016.09.16"]
[Round "2"]
[White "kidcobra"]
[Black "krysto"]
[Result "1-0"]
[WhiteElo "1759"]
[BlackElo "1601"]
[Opening "French: Tarrasch, closed variation"]
[ECO "C05"]
[Time "19:05:05"]
[TimeControl "2700+45"]

1. e4 e6 2. d4 d5 3. Nd2 Nf6 4. e5 Nfd7 5. f4 c5 6. c3 Nc6 7. Ngf3 Be7 8. Bd3 a6
9. a4 O-O 10. h4 cxd4 11. Bxh7+ Kxh7 12. Ng5+ Kh6 13. Ndf3 dxc3 14. f5 Qa5 15.
Nxf7+ Kh7 16. N3g5+ Kg8 17. Qh5 cxb2+ 18. Kf1 bxc1=Q+ 19. Rxc1 Bxg5 20. hxg5
Ndxe5 21. g6 Nxg6 22. fxg6 Rxf7+ 23. gxf7+ Kf8 24. Qg6 Qd2 25. Rh8+ Ke7 26.
f8=Q+ Kd7 27. Qgxg7+ {Black resigns} 1-0

[Event "Team 45 45 League T70"]
[Site "Internet Chess Club"]
[Date "2016.09.16"]
[Round "2"]
[White "Pawnchain"]
[Black "Fianchettoed"]
[Result "1/2-1/2"]
[WhiteElo "1525"]
[BlackElo "1669"]
[Opening "Richter-Veresov attack, Veresov variation"]
[ECO "D01"]
[Time "12:00:18"]
[TimeControl "2700+45"]

1. d4 Nf6 2. Nc3 d5 3. Bg5 Bf5 4. Bxf6 exf6 5. e3 Qd7 6. Bd3 c6 7. Nge2 Bd6 8.
Ng3 Bxd3 9. Qxd3 O-O 10. Nf5 Qe6 11. O-O-O g6 12. Nxd6 Qxd6 13. g4 Nd7 14. h4 b5
15. f4 a5 16. f5 a4 17. Nb1 Rfe8 18. fxg6 fxg6 19. g5 {Game drawn by mutual
agreement} 1/2-1/2

[Event "Team 45 45 League T70"]
[Site "Internet Chess Club"]
[Date "2016.09.17"]
[Round "2"]
[White "Toalla"]
[Black "scostanzo212"]
[Result "0-1"]
[WhiteElo "1162"]
[BlackElo "1521"]
[Opening "QGD Slav: Tolush-Geller gambit"]
[ECO "D15"]
[Time "10:04:51"]
[TimeControl "2700+45"]

1. d4 d5 2. c4 c6 3. Nf3 Nf6 4. Nc3 dxc4 5. e4 b5 6. e5 Nd5 7. a4 e6 8. Ng5 h6
9. Qh5 g6 10. Qh3 Bg7 11. Nge4 Nxc3 12. Nd6+ Kf8 13. bxc3 Qd7 14. Ba3 Kg8 15.
axb5 cxb5 16. Rb1 a6 17. Be2 Nc6 18. Bf3 Rb8 19. Nxf7 Kxf7 20. Bd6 Bb7 21. Be4
Ne7 22. Qf3+ Nf5 23. d5 Bxd5 24. Bxd5 exd5 25. Qxd5+ Qe6 26. Qxe6+ Kxe6 27. Bxb8
Rxb8 28. f4 Ne3 29. Rg1 Nd5 30. Rd1 a5 31. g3 b4 32. cxb4 axb4 33. Rg2 c3 34.
Re2 b3 {White resigns} 0-1

[Event "Team 45 45 League T70"]
[Site "Internet Chess Club"]
[Date "2016.09.17"]
[Round "2"]
[White "Packerfan"]
[Black "zepled37"]
[Result "1/2-1/2"]
[WhiteElo "1693"]
[BlackElo "1693"]
[Opening "Sicilian: Alapin's variation (2.c3)"]
[ECO "B22"]
[Time "10:08:14"]
[TimeControl "2700+45"]

1. e4 c5 2. c3 d5 3. exd5 Qxd5 4. d4 Nc6 5. Nf3 Bg4 6. Be2 cxd4 7. cxd4 e6 8.
Nc3 Qa5 9. O-O Nf6 10. h3 Bh5 11. Be3 Be7 12. Qb3 Qb4 13. Qxb4 Nxb4 14. Bb5+ Nc6
15. Ne5 Rc8 16. Rac1 O-O 17. Nxc6 bxc6 18. Ba6 Rb8 19. Na4 Nd5 20. a3 Nb6 21.
Nc5 Bxc5 22. Rxc5 Nd5 23. b4 Rb6 24. Bd3 Bg6 25. Bxg6 hxg6 26. Bc1 Rd8 27. g3
Ne7 28. Ra5 Rd7 29. Be3 Rb5 30. Rxb5 cxb5 31. Rc1 Kf8 32. Rc5 Rb7 33. Bf4 Ke8
34. Be5 f6 35. Bf4 g5 36. Be3 Kd7 37. Kf1 a6 38. Ke2 Rc7 39. g4 Nd5 40. Bd2 Kd6
41. Kd3 Kd7 42. Ke4 Rc8 43. Rxc8 Kxc8 44. f4 gxf4 45. Bxf4 Nxf4 46. Kxf4 g5+ 47.
Ke4 Kd7 48. Ke3 {Game drawn by mutual agreement} 1/2-1/2

[Event "Team 45 45 League T70"]
[Site "Internet Chess Club"]
[Date "2016.09.18"]
[Round "2"]
[White "justice02"]
[Black "Lrn2Mate"]
[Result "1-0"]
[WhiteElo "1674"]
[BlackElo "1646"]
[Opening "King's Indian: fianchetto, classical variation, 8.e4"]
[ECO "E68"]
[Time "22:00:20"]
[TimeControl "2700+45"]

1. Nf3 Nf6 2. c4 g6 3. d4 Bg7 4. Nc3 d6 5. g3 O-O 6. Bg2 Nbd7 7. e4 e5 8. O-O
Nb6 9. dxe5 dxe5 10. Qxd8 Rxd8 11. Nxe5 Nxe4 12. Nxf7 Kxf7 13. Bxe4 Nxc4 14.
Bd5+ Be6 15. Bxb7 Rab8 16. Bg2 Nxb2 17. Bxb2 Rxb2 18. Rac1 Bh6 19. Rcd1 Rxd1 20.
Rxd1 Rc2 21. Nb5 c5 22. Nxa7 Rxa2 23. Nc6 Bg7 24. Nd8+ Ke7 25. Nxe6 Kxe6 26.
Bd5+ Ke5 27. Bxa2 Ke4 28. Bd5+ Kf5 29. Bg8 h6 30. Rd5+ {Black resigns} 1-0